 Dungeon Sprint DCSS version 0.30-a0-779-g7971cf19c3 (webtiles) character file.

Game seed: 1484479422551551936

2165 dialectric the Basher (level 9, -3/64 HPs)
             Began as a Gargoyle Fighter on Feb 17, 2023.
             Killed from afar by a crystal guardian (7 damage)
             ... with a crystal bolt
             ... in the Dungeon (Sprint II: "The Violet Keep of Menkaure").
             The game lasted 00:03:34 (806 turns).

dialectric the Basher (Gargoyle Fighter)             Turns: 806, Time: 00:03:35

Health: -3/64      AC: 20    Str: 19    XL:     9   Next: 32%
Magic:  9/9        EV:  9    Int: 14    God:
Gold:   426        SH:  0    Dex: 11    Spells: 8/8 levels left

rFire   . . .      SeeInvis .    f - +7 quarterstaff of a ziggurat {drain, rN+ Str-4 Int+6}
rCold   + . .      Faith    .    (shield currently unavailable)
rNeg    + + .      Spirit   .    d - +2 chain mail {rC+}
rPois   ∞          Reflect  .    (no helmet)
rElec   +          Harm     .    (no cloak)
rCorr   .          Rampage  .    (no gloves)
Will    .....      NoTele   +    (no boots) Stlth
                                 (no amulet)
HPRegen 0.30/turn                (no ring)
MPRegen 0.11/turn                (no ring)

@: hasted, very quick
A: sickness immunity, AC +6, negative energy resistance 1, electricity
resistance, torment resistance 1, petrification resistance
a: no special abilities


You were in the Dungeon.
You visited 1 branch You collected 810 gold pieces.
You spent 384 gold pieces at shops.

Inventory:

Hand Weapons
 a - a +0 flail
 f - the +7 quarterstaff of a ziggurat (weapon) {drain, rN+ Str-4 Int+6}
   (You bought it in a shop in the Dungeon)

   Str:       It affects your strength (-4).
   Int:       It affects your intelligence (+6).
   rN:        It protects you from negative energy.
Armour
 b - a +0 scale mail
 c - a +0 buckler
 d - a +2 chain mail of cold resistance (worn)
Scrolls
 e - a scroll of identify {unknown}
Potions
 h - 2 potions of magic


   Skills:
 + Level 11.4 Fighting
 - Level 14.2(14.3) Maces & Flails
 + Level 1.4(9.3) Staves
 + Level 11.7 Armour
 + Level 3.3 Dodging
 - Level 3.2 Shields


You had 8 spell levels left.
You didn't know any spells.
Your spell library was empty.

Dungeon Overview and Level Annotations

Branches:
Dungeon (1/1)

Altars:
Cheibriados
Dithmenos
Elyvilon
Hepliaklqana
Kikubaaqudgha
Makhleb
Qazlal
Ru
Sif Muna
Trog
Uskayaw
Wu Jian
Xom
Yredelemnul
Zin
The Shining One
Jiyva
Lugonu

Shops:
D ::=[[=?:(=(([!!

Annotations:
D exclusion: oklob plant


Innate Abilities, Weirdness & Mutations

You are immune to sickness and miasma.
Your stone body is resilient. (AC +6)
You are immune to poison.
You resist negative energy. (rN+)
You are resistant to electric shocks. (rElec)
You are resistant to unholy torment.
You are immune to petrification.


Message History

Your base Staves skill increases to level 1!
You have reached level 9!
Your experience leads to an increase in your attributes!
Your base attributes are Str 23, Int 8, Dex 9.
Increase (S)trength, (I)ntelligence, or (D)exterity?
You feel agile. x2
Unknown command.
You sock the swamp drake!
The swamp drake is heavily wounded.
The crystal guardian fires a crystalline bolt at you.
The crystal bolt freezes the swamp drake!!
The swamp drake dies!
The crystal bolt freezes you. You resist. The crystal bolt freezes you!!
You resist. The crystal guardian barely misses you.
You see here a death drake corpse.
You hit the crystal guardian but do no damage.
You hit the crystal guardian.
The crystal guardian is lightly damaged.
The crystal guardian fires a crystalline bolt at you.
The crystal bolt burns you!!!
Ouch! That really hurt!
* * * LOW HITPOINT WARNING * * *
You sock the crystal guardian!
The crystal guardian is moderately damaged.
The crystal guardian fires a crystalline bolt at you.
The crystal bolt misses you.
You hit the crystal guardian but do no damage.
The crystal guardian is moderately damaged.
The crystal guardian fires a crystalline bolt at you.
The crystal bolt misses you.
Unknown command.
You feel yourself speed up. The crystal guardian hits you.
* * * LOW HITPOINT WARNING * * *
There is an open door here.
You close the door.
A crystal guardian opens the door.
The lava snake hisses angrily.
The crystal guardian fires a crystalline bolt at you.
The crystal bolt freezes you! You resist.
You die...

##≈≈≈§§≈≈≈§## +≈≈○○§§≈≈≈≈≈#
#§§≈§§≈§≈≈ ..## #~## ○§S§§ ^..
#########~~#+++#+++## .^^ ##
########~~~.........# ^. .#
.......#~~~~.##'##..# #. .#
...⌠...#~~~~##.#.##.#### +.##k#
..∩.∩..#~~~~#..#@.#....# #..k#
.∩.∩.∩.#~~####...####..#####†.#
∩.∩.∩.∩#~##.###'###.##°.#..'.k#
.∩...∩.#~#...##9##9..#..#..#°.#
∩.....∩'~+.##'.<.'###'k.####°.##.
.......#B###.##.##...#○.§.###^..#
▓▓▓▓▓###°##.###'###.##....k.9~~~~
hh######~°####.#.####~~...k.~#+##
.E#D ##~°○#..#..#~~~§~~~§.~#.._


You could see a crystal guardian and a lava snake.

Vanquished Creatures
  A boulder beetle (D)
  A death drake (D)
  A polar bear (D)
  2 redbacks (D)
  Menkaure (D)
  4 scorpions (D)
  4 necrophages (D)
  3 worms (D)
17 creatures vanquished.

Vanquished Creatures (others)
  A water moccasin (D)
  A swamp drake (D)
2 creatures vanquished.

Grand Total: 19 creatures vanquished

Notes
Turn   | Place    | Note
-------+----------+-------------------------------------------
     0 | D        | dialectric the Gargoyle Fighter began the quest for the
                  | Orb.
     0 | D        | Reached XP level 1. HP: 14/14 MP: 1/1
    18 | D        | Reached XP level 2. HP: 17/20 MP: 2/2
    32 | D        | Noticed a necrophage
    32 | D        | Noticed a necrophage
    32 | D        | Noticed a necrophage
    32 | D        | Noticed a necrophage
    35 | D        | Killed a necrophage
    36 | D        | Reached skill level 5 in Fighting
    36 | D        | Reached skill level 4 in Maces & Flails
    36 | D        | Reached skill level 5 in Armour
    36 | D        | Reached XP level 3. HP: 18/27 MP: 3/3
    36 | D        | Reached XP level 4. HP: 22/32 MP: 4/4
    37 | D        | Killed a necrophage
    38 | D        | Reached skill level 6 in Maces & Flails
    38 | D        | Reached XP level 5. HP: 22/37 MP: 5/5
    42 | D        | Reached skill level 7 in Maces & Flails
    49 | D        | Reached skill level 1 in Dodging
    49 | D        | Reached XP level 6. HP: 16/44 MP: 6/6
   113 | D        | Killed a water moccasin
   152 | D        | Noticed a boulder beetle
   152 | D        | Noticed a boulder beetle
   171 | D        | Reached skill level 8 in Maces & Flails
   173 | D        | Reached skill level 9 in Maces & Flails
   184 | D        | Reached XP level 7. HP: 51/51 MP: 7/7
   202 | D        | Noticed Menkaure
   203 | D        | Found Gefrosk's Distillery.
   203 | D        | Found Duriu's Distillery.
   208 | D        | Killed Menkaure
   209 | D        | Reached skill level 10 in Maces & Flails
   222 | D        | Found Eloith's Antique Armour Shoppe.
   222 | D        | Found Efizyec's Antique Weapon Emporium.
   222 | D        | Found Garazaeg's Book Shoppe.
   222 | D        | Found Tich's Antique Weapon Emporium.
   222 | D        | Found Suaczuc's Antique Weapon Shoppe.
   222 | D        | Found Haoxzirghe's Jewellery Shoppe.
   222 | D        | Found Kyliciup's Magic Scroll Emporium.
   223 | D        | Found Sotur's Jewellery Shoppe.
   223 | D        | Found Ella's Antique Armour Emporium.
   225 | D        | Found Nifuedgh's Antique Armour Shoppe.
   225 | D        | Found Fygooji's Jewellery Emporium.
   225 | D        | Noticed an iron elemental
   225 | D        | Noticed an oklob plant
   226 | D        | Found Wiustrurgh's Book Emporium.
   226 | D        | Found Qooroph's Book Shoppe.
   306 | D        | Noticed a hell hog
   314 | D        | Noticed an ice dragon
   315 | D        | Bought a glowing chain mail for 195 gold pieces
   327 | D        | Noticed a hell hog
   365 | D        | Killed a boulder beetle
   366 | D        | Reached skill level 10 in Fighting
   366 | D        | Reached skill level 12 in Maces & Flails
   366 | D        | Reached skill level 10 in Armour
   366 | D        | Reached XP level 8. HP: 29/58 MP: 8/8
   498 | D        | Found a hazy altar of Hepliaklqana.
   498 | D        | Found a snail-covered altar of Cheibriados.
   499 | D        | Found a stormy altar of Qazlal.
   499 | D        | Found a viscous altar of Jiyva.
   499 | D        | Found a shadowy altar of Dithmenos.
   500 | D        | Found a sacrificial altar of Ru.
   500 | D        | Found an ancient bone altar of Kikubaaqudgha.
   500 | D        | Found a white marble altar of Elyvilon.
   501 | D        | Found an ornate altar of the Wu Jian Council.
   501 | D        | Found a shimmering blue altar of Sif Muna.
   501 | D        | Found a corrupted altar of Lugonu.
   502 | D        | Found a shimmering altar of Xom.
   502 | D        | Found a bloodstained altar of Trog.
   502 | D        | Found a burning altar of Makhleb.
   503 | D        | Found a glowing golden altar of the Shining One.
   503 | D        | Found a basalt altar of Yredelemnul.
   503 | D        | Found a hide-covered altar of Uskayaw.
   512 | D        | Noticed a polar bear
   521 | D        | Reached skill level 13 in Maces & Flails
   528 | D        | Killed a polar bear
   636 | D        | Noticed a death drake
   637 | D        | Noticed a crystal guardian
   637 | D        | Noticed a death drake
   639 | D        | Found a glowing silver altar of Zin.
   669 | D        | Bought a crystal quarterstaff for 189 gold pieces
   669 | D        | Identified the +7 quarterstaff of a ziggurat {drain, rN+
                  | Str-4 Int+6} (You bought it in a shop in the Dungeon)
   795 | D        | Killed a death drake
   796 | D        | Reached skill level 14 in Maces & Flails
   796 | D        | Reached skill level 1 in Staves
   796 | D        | Reached XP level 9. HP: 61/64 MP: 9/9
   799 | D        | HP: 3/64 [crystal guardian/crystal bolt (37)]
   806 | D        | Killed from afar by a crystal guardian

Illustrated notes

Levels and vault maps discovered:
D:        the_violet_keep_of_menkaure [sprint2_stairs_cluster_1,
          sprint2_shoproom, sprint2_temple, sprint2_basic_supplies,
          sprint2_obstacle_6, sprint2_obstacle_3, sprint2_obstacle_5,
          sprint2_obstacle_7, sprint2_obstacle_1, sprint2_timed_cluster_1,
          sprint2_smallroom_cluster_1, sprint2_smallroom_final_cluster_1,
          sprint2_transparent_cluster_1, sprint2_second_timed_cluster_1,
          sprint2_sniper_area_1, sprint2_heavy_combat_area_1,
          sprint2_mutation_trap_area_1, sprint2_forest_area_1,
          sprint2_light_combat_area_1, sprint2_behind_water_1,
          sprint2_near_end_vault_1]

Skill      XL: |  1  2  3  4  5  6  7  8 |
---------------+-------------------------+-----
Fighting       | 4 5 6 8 9 10 11 | 11.4
Armour         | 4 5 6 8 9 10 11 | 11.7
Maces & Flails | 4 6 7 9 12 14 | 14.2
Dodging        | 1 2 3 |  3.3
Staves         | 1 |  1.4
Shields        | |  3.2

Action                     |  1- 3 |  4- 6 |  7- 9 || total
---------------------------+-------+-------+-------++-------
  Melee: Flail             |    12 |    41 |    37 ||    90
         Quarterstaff      |       |       |    22 ||    22
    Use: Potion            |     1 |       |     4 ||     5
         Scroll            |       |       |     1 ||     1
 Armour: Scale mail        |     4 |    19 |       ||    23
         Chain mail        |       |       |    28 ||    28
  Dodge: Dodged            |     2 |    17 |    35 ||    54

Table legend: (Time is in decaauts)
 A = Elapsed time spent in this place.
 B = Non-inter-level travel time spent in this place.
 C = Inter-level travel time spent in this place.
 D = Time resting spent in this place.
 E = Time spent auto-exploring this place.
 F = Levels seen in this place.
 G = Mean time per level.
                   A        B        C        D        E       F      G
               +--------+--------+--------+--------+--------+-----+--------+
         Total |    810 |    810 |      0 |    405 |    108 |   1 |  810.0 |
       Dungeon |    810 |    810 |      0 |    405 |    108 |   1 |  810.0 |
               +--------+--------+--------+--------+--------+-----+--------+

Top non-repeatable levels by time:
       D: 810 daAuts
